 Dungeon Crawl Stone Soup version 0.29.1-12-g30fa7ad0bf (webtiles) character file.

Game seed: 2843434040205824498

1020 Radix the Cleaver (level 8, -28/75 HPs)
             Began as a Hill Orc Fighter on Jan 7, 2023.
             Was an Initiate of Beogh.
             Engulfed by a cloud of freezing vapour (30 damage)
             ... on level 5 of the Dungeon.
             The game lasted 00:23:20 (5481 turns).

Radix the Cleaver (Hill Orc Fighter)                Turns: 5481, Time: 00:23:21

Health: -28/75     AC: 11    Str: 21    XL:     8   Next: 22%
Magic:  8/8        EV: 12    Int: 14    God:    Beogh [......]
Gold:   112        SH:  9    Dex: 10    Spells: 7/7 levels left

rFire   . . .      SeeInvis .   a - +1 war axe
rCold   . . .      Faith    .   e - +1 kite shield
rNeg    . . .      Spirit   .   b - +0 scale mail
rPois   .          Reflect  .   i - +2 helmet
rElec   .          Harm     .   (no cloak)
rCorr   .          Rampage  .   q - +0 pair of gloves
Will    .....                   (no boots)
Stlth   ..........              s - amulet of magic regeneration
HPRegen 0.22/turn               l - +6 ring of intelligence
MPRegen 0.51/turn               h - +4 ring of evasion

@: brilliant
A: no striking features
a: Renounce Religion


You were on level 5 of the Dungeon.
You worshipped Beogh.
Beogh was noncommittal.
You visited 2 branches of the dungeon, and saw 6 of its levels.

You collected 201 gold pieces.
You spent 89 gold pieces at shops.

Inventory:

Hand Weapons
 a - a +1 war axe (weapon)
Missiles
 n - 5 poisoned darts
 r - 2 throwing nets
Armour
 b - a +0 scale mail (worn)
 c - a +0 buckler
 e - a +1 kite shield (worn)
 f - the +1 leather armour "Jaegulisk" {Dex+3}
   (You found it on level 3 of the Dungeon)

   Dex:       It affects your dexterity (+3).
 i - a +2 helmet (worn)
 q - a +0 pair of gloves (worn)
Jewellery
 h - a +4 ring of evasion (right hand)
 l - a +6 ring of intelligence (left hand)
 m - a ring of wizardry
 s - an amulet of magic regeneration (around neck)
Scrolls
 j - a scroll of poison
 p - 3 scrolls of teleportation
Potions
 d - a potion of degeneration (quivered) {unknown}
 k - a potion of flight {unknown}


   Skills:
 + Level 8.7 Fighting
 + Level 9.0 Axes
 - Level 3.2 Armour
 - Level 3.2 Shields


You had 7 spell levels left.
You didn't know any spells.
Your spell library was empty.

Dungeon Overview and Level Annotations

Branches:
Dungeon (5/15)             Temple (1/1) D:4

Altars:
Cheibriados
Dithmenos
Fedhas
Kikubaaqudgha
Makhleb
Nemelex Xobeh
Trog

Shops:
D:3 **(:[   D:5 ?*[!(


Message History

You kill the gnoll!
Beogh accepts your kill.
Things that are here:
a +0 whip; a +0 robe
There is a stone staircase leading up, spattered with blood here.
r - 2 throwing nets (gained 1)
You now have 112 gold pieces (gained 20).
You see here a +0 club.
You see here a +0 spear.
Found Dinups's Antique Weapon Shoppe.
There is an entrance to Dinups's Antique Weapon Shoppe here.
You swap places.
Found a stone staircase leading down.
Found Zumy's Distillery.
Things that are here:
a +0 dagger; an orc corpse
Found a stone staircase leading down.
Found an escape hatch in the floor.
There is an escape hatch in the floor here.
There is a stone staircase leading down here.
Found Vewackoh's Antique Armour Boutique.
There is an entrance to Vewackoh's Antique Armour Boutique here.
o - a bubbling red potion You see here a +0 club.
Partly explored, can't reach some items.
You see here a +0 club.
Really walk into a travel-excluded area?
There is an open door here.
Okay, then.
You are engulfed in freezing vapours.
You are engulfed in freezing vapours.
You are engulfed in freezing vapours.
You are engulfed in freezing vapours.
* * * LOW HITPOINT WARNING * * *
You feel better.
You are engulfed in freezing vapours.
* * * LOW HITPOINT WARNING * * *
It was a potion of brilliance.
You feel clever all of a sudden.
You are engulfed in freezing vapours.
You die...

...................))o...........
........####.#####.#.#####.......
........# #.#...#.#.# ##......
........# #.#.#☼#.#.# ##.....
........# #.#.#☼#.#.# ######
.......## #.#.#☼#.#.# ####
......## #.#.#☼#...# ######...
.#.#### #.#.#☼#.######........
.#.# ###.#.#@#......#........
.#.# #...#☼#☼#......#........
.#.# ##.#.#☼#☼#....>.#........
.#.# #....#☼#.#...............
...# ##.#.##☼#.#...............
..######....##☼#.#...............
..........####☼#.#......#........
......#..## ##☼#.#.....)#######..
........## ##(#○#...!..# #...#


There were no monsters in sight!

Vanquished Creatures
  An ogre (D:4)
  2 scorpions (D:5)
  3 necrophages
  A howler monkey (D:5)
  2 hounds (D:5)
  2 gnoll boudas
  2 iguanas
  An orc wizard (D:5)
  Terence (D:2)
  Natasha (thrice) (D:4)
  10 gnolls
  7 adders
  2 ufetubi (D:5)
  2 worms (D:2)
  4 dart slugs
  11 orcs
  7 bats
  8 endoplasms
  4 giant cockroaches
  6 goblins
  11 hobgoblins
  7 jackals
  2 kobolds (D:4)
  3 quokkas
  6 ball pythons
  7 frilled lizards
  4 rats
119 creatures vanquished.

Vanquished Creatures (others)
  4 plants (D:3)
4 creatures vanquished.

Grand Total: 123 creatures vanquished

Notes
Turn   | Place    | Note
-------+----------+-------------------------------------------
     0 | D:1      | Radix the Hill Orc Fighter began the quest for the Orb.
     0 | D:1      | Reached XP level 1. HP: 19/19 MP: 1/1
    33 | D:1      | Reached skill level 3 in Axes
    66 | D:1      | Reached XP level 2. HP: 19/27 MP: 2/2
   478 | D:1      | Found a faded altar of an unknown god.
   717 | D:2      | Reached XP level 3. HP: 34/34 MP: 3/3
   797 | D:2      | Reached skill level 4 in Axes
  1501 | D:2      | Noticed Terence
  1510 | D:2      | Reached XP level 4. HP: 41/41 MP: 4/4
  1520 | D:2      | Killed Terence
  1521 | D:2      | Reached skill level 5 in Fighting
  2315 | D:3      | Reached skill level 5 in Axes
  2334 | D:3      | Found an ancient bone altar of Kikubaaqudgha.
  2357 | D:3      | Found Qeujij's General Store.
  2367 | D:3      | Bought a scroll of identify for 26 gold pieces
  2367 | D:3      | Bought a scroll of teleportation for 39 gold pieces
  2407 | D:3      | Found Byajuiga's Antique Weapon Emporium.
  2425 | D:3      | Found Xuissem's Book Shop.
  2453 | D:3      | Reached XP level 5. HP: 48/48 MP: 5/5
  2640 | D:3      | Found Xoiwafu's Armour Emporium.
  2929 | D:3      | Found Hoolev's General Store.
  2947 | D:3      | Bought a scroll of identify for 24 gold pieces
  3016 | D:3      | Identified the +1 leather armour "Jaegulisk" {Dex+3}
  3110 | D:3      | Found a bloodstained altar of Trog.
  3110 | D:3      | Found a burning altar of Makhleb.
  3306 | D:4      | Noticed Natasha
  3311 | D:4      | Killed Natasha
  3316 | D:4      | Found a staircase to the Ecumenical Temple.
  3419 | Temple   | Entered the Ecumenical Temple
  3830 | D:4      | Reached skill level 6 in Axes
  3830 | D:4      | Reached XP level 6. HP: 57/57 MP: 6/6
  4080 | D:4      | Noticed Natasha
  4088 | D:4      | Killed Natasha
  4322 | D:4      | Reached skill level 7 in Axes
  4322 | D:4      | Reached XP level 7. HP: 66/66 MP: 7/7
  4395 | D:4      | Noticed Natasha
  4408 | D:4      | Killed Natasha
  4776 | D:5      | Entered Level 5 of the Dungeon
  4776 | D:5      | Found Kepott's Magic Scroll Emporium.
  4776 | D:5      | Found Dotsehou's General Store.
  4901 | D:5      | Reached skill level 8 in Axes
  4945 | D:5      | Reached XP level 8. HP: 61/74 MP: 8/8
  5026 | D:5      | Became a worshipper of Beogh the Brigand
  5121 | D:5      | Reached skill level 9 in Axes
  5213 | D:5      | Found Dinups's Antique Weapon Shoppe.
  5249 | D:5      | Found Zumy's Distillery.
  5360 | D:5      | Found Vewackoh's Antique Armour Boutique.
  5480 | D:5      | HP: 2/75 [something (20)]
  5481 | D:5      | Engulfed by a cloud of freezing vapour

Illustrated notes

Levels and vault maps discovered:
D:1:      dpeg_arrival_pond, layout_basic, basic_ecumenical_altar,
          patterned_corridor
D:2:      layout_basic, grunt_ministairs_4, uniq_terence
D:3:      layout_loops_corners, mainiacjoe_overflow_boulevard,
          gammafunk_temple_overflow_statue, serial_shops, nicolae_square_shop,
          shop, shop_fountains, nicolae_lakefront_shop, shop,
          kennysheep_another_room
D:4:      layout_loops_ring, minmay_temple_entry_tees, minivault_5, uniq_natasha
D:5:      lemuel_ice_spiral_2, layout_rooms, serial_shops,
          nicolae_take_the_stairs, shop, nicolae_diamond_shop,
          nicolae_diamond_shop, nicolae_lakefront_shop
Temple:   hellmonk_temple_of_storms

Skill      XL: |  1  2  3  4  5  6  7  8 |
---------------+-------------------------+-----
Axes           | 3 4 5 6 7 8 9 |  9.0
Fighting       | 4 5 6 7 8 |  8.7
Armour         | |  3.2
Shields        | |  3.2

Action                   |  1- 3 |  4- 6 |  7- 9 || total
-------------------------+-------+-------+-------++-------
Melee: War axe           |   116 |   160 |    96 ||   372
Throw: Dart              |       |     6 |       ||     6
Invok: Convert to Beogh  |       |       |     1 ||     1
  Use: Scroll            |       |    10 |     4 ||    14
       Potion            |       |     4 |     2 ||     6
Armor: Scale mail        |    87 |    50 |    32 ||   169
Dodge: Dodged            |    83 |    98 |    63 ||   244
Block: Buckler           |    41 |    11 |       ||    52
       Kite shield       |       |    53 |    50 ||   103
